 Dungeon Crawl Stone Soup version 0.29.0-13-gc9e81de378 (webtiles) character file.

Game seed: 14291275186261400264

2143 raistware the Conjurer (level 9, -7/54 HPs)
             Began as an Octopode Conjurer on Sept 9, 2022.
             Was a Follower of Vehumet.
             Mangled by an ice devil (11 damage)
             ... summoned by an orc high priest
             ... in a bailey.
             The game lasted 00:19:45 (8294 turns).

raistware the Conjurer (Octopode Conjurer)          Turns: 8294, Time: 00:19:46

Health: -7/54      AC:  1    Str:  6    XL:     9   Next: 30%
Magic:  4/28       EV: 14    Int: 24    God:    Vehumet [*.....]
Gold:   327        SH:  0    Dex: 11    Spells: 13/21 levels left

rFire   + . .      SeeInvis .   p - +2 dagger (venom)
rCold   . . .      Faith    .   (no shield)
rNeg    + . .      Spirit   .   (helmet restricted)
rPois   .          Reflect  .   (no amulet)
rElec   .          Harm     .   g - ring of magical power
rCorr   .          Rampage  .   y - ring of positive energy
Will    .....                   D - ring of protection from fire
Stlth   +++.......              (no ring)
HPRegen 0.18/turn               (no ring)
MPRegen 0.21/turn               (no ring)
                                (no ring)
                                (no ring)

@: very slightly contaminated
A: almost no armour, amphibious, 8 rings, camouflage 1, gelatinous body 1,
(nimble swimmer 1), tentacles
a: Renounce Religion


You were in a bailey.
You worshipped Vehumet.
Vehumet was aware of your devotion.
You visited 1 branch of the dungeon, and saw 7 of its levels.
You also visited: Bailey.

You collected 327 gold pieces.

Inventory:

Hand Weapons
 p - a +2 dagger of venom (weapon)
Missiles
 f - 7 poisoned darts
 G - 5 boomerangs
Magical Staves
 v - a staff of earth
Jewellery
 g - a ring of magical power (left tentacle)
 y - a ring of positive energy (right tentacle)
 D - a ring of protection from fire (on tentacle)
Wands
 m - a wand of light (6)
 t - a wand of roots (5)
 u - a wand of flame (39)
Scrolls
 c - a scroll of summoning {unknown}
 d - 3 scrolls of fear {unknown}
 e - 5 scrolls of identify {unknown}
 i - 2 scrolls of fog {unknown}
 j - 4 scrolls of amnesia {unknown}
 k - 5 scrolls of teleportation {unknown}
 q - a scroll of immolation {unknown}
 r - a scroll of blinking {unknown}
 w - a scroll of enchant weapon {unknown}
 x - 2 scrolls of magic mapping {unknown}
 z - a scroll of noise {unknown}
 A - a scroll of poison {unknown}
 F - a scroll of enchant armour {unknown}
Potions
 a - a potion of magic
 b - 2 potions of haste
 h - 4 potions of flight {unknown}
 l - 2 potions of curing
 o - a potion of ambrosia {unknown}
 s - a potion of berserk rage {unknown}
 B - a potion of lignification {unknown}
 C - a potion of resistance {unknown}
 E - a potion of heal wounds {unknown}


   Skills:
 - Level 2.0 Fighting
 - Level 2.0 Staves
 - Level 4.0 Dodging
 - Level 4.0 Stealth
 + Level 6.7 Spellcasting
 + Level 7.6 Conjurations
 - Level 2.0 Translocations
 + Level 3.7 Earth Magic
 - Level 2.0 Evocations


You had 13 spell levels left.
You knew the following spells:

 Your Spells              Type           Power      Damage    Failure   Level
a - Magic Dart            Conj           100%       1d8       1%          1
b - Iskenderun's Mystic   Conj/Tloc      31%        2d8       10%         4
c - Mephitic Cloud        Conj/Pois/Air  20%        N/A       8%          3

Your spell library contained the following spells:

 Spells                   Type           Power      Damage    Failure   Level
 Sandblast                Erth           52%        2d12      1%          1
 Searing Ray              Conj           88%        2d7       1%          2
 Blink                    Tloc           34%        N/A       4%          2
 Dazzling Flash           Conj/Hex       52%        N/A       4%          3
 Beastly Appendage        Tmut           16%        N/A       8%          1
 Sting                    Tmut/Pois      32%        1d4       8%          1
 Summon Small Mammal      Summ           32%        N/A       8%          1
 Call Imp                 Summ           8%         N/A       11%         2
 Poisonous Vapours        Pois/Air       16%        N/A       11%         2
 Wereblood                Tmut           8%         N/A       11%         2
 Fulminant Prism          Conj/Hex       13%        3d9       16%         4
 Call Canine Familiar     Summ           8%         N/A       22%         3
 Spider Form              Tmut/Pois      8%         N/A       22%         3
 Summon Guardian Golem    Hex/Summ       8%         N/A       22%         3
 Passage of Golubria      Tloc           17%        N/A       32%         4
 Olgreb's Toxic Radiance  Pois           8%         N/A       58%         4
 Manifold Assault         Tloc           17%        N/A       65%         5
 Silence                  Hex/Air        4%         N/A       90%         5
 Storm Form               Tmut/Air       4%         N/A       100%        7
 Lehudib's Crystal Spear  Conj/Erth      17%        10d5      100%        8


Dungeon Overview and Level Annotations

Branches:
Dungeon (7/15)             Bailey (1/1)
 Temple: D:4-7

Altars:
Ashenzari
Dithmenos
Okawaru
Qazlal
Trog
Vehumet
Xom
Zin

Shops:
D:5 :

Annotations:
D:5 2 runed translucent doors, enotiy's ghost, amateur MiBe


Innate Abilities, Weirdness & Mutations

You cannot wear most types of armour.
You are amphibious.
You can wear up to eight rings at the same time.
Your skin changes colour to match your surroundings (Stealth+).
Your rubbery body absorbs attacks. (AC +1, EV +1)
((You are camouflaged when in or above water. (Stealth+)))
You have tentacles for arms and can constrict up to eight enemies at once.


Message History

The mystic blast hits the orc high priest!
The orc high priest is heavily wounded.
The orc high priest is knocked back by the mystic blast.
The orc high priest collides with the ice devil!
The orc high priest is heavily wounded.
The grasping roots constrict the orc high priest!
Unknown command.
Casting: Iskenderun's Mystic Blast (dangerous; 10% risk of failure)
Confirm with . or Enter, or press ? or * to list all spells.
You miscast Iskenderun's Mystic Blast.
You are very lightly contaminated with residual magic.
Nothing appears to happen.
The grasping roots constrict the orc high priest!
The roots release their grip on the orc high priest.
Unknown command.
Unknown command.
The ice devil closely misses you. The ice devil misses you.
Casting: Iskenderun's Mystic Blast (dangerous; 10% risk of failure)
Confirm with . or Enter, or press ? or * to list all spells.
You erupt in a blast of force!
The mystic blast hits the orc high priest.
The orc high priest is almost dead.
The orc high priest is knocked back by the mystic blast.
The mystic blast hits the ice devil.
The ice devil is moderately wounded.
The ice devil is knocked back by the mystic blast.
The ice devil slams into the stone wall!
The mystic blast hits the ice devil.
The ice devil is lightly wounded.
The ice devil is knocked back by the mystic blast.
Unknown command.
Casting: Iskenderun's Mystic Blast (dangerous; 10% risk of failure)
Confirm with . or Enter, or press ? or * to list all spells.
You erupt in a blast of force!
The mystic blast hits the ice devil but does no damage.
The ice devil is moderately wounded.
The ice devil hits you!
* * * LOW HITPOINT WARNING * * *
The ice devil freezes you!
You die...

≈≈≈≈≈≈≈≈≈≈≈≈≈≈≈≈≈≈≈≈≈≈≈≈≈
≈≈≈≈≈≈≈≈≈≈≈≈≈≈≈≈≈≈≈≈≈≈≈≈≈
≈≈≈≈≈≈≈≈≈≈≈≈≈≈≈≈≈≈≈≈≈≈S≈≈
≈≈≈≈≈≈≈≈≈≈≈≈≈≈≈≈≈≈≈≈≈≈≈≈≈
≈≈≈≈≈≈≈≈≈≈≈≈≈≈≈≈≈≈≈≈≈≈≈≈≈
####~~~~~~~~~~~~~######≈≈≈≈≈#
+.............'..#.#≈≈≈≈≈#
###############..#'#≈≈≈≈≈#
#.......#).).@'.4.o#≈≈≈≈≈#
#.8.8.8.').)4.#....#≈≈≈≈≈#
####.).##############.#≈≈≈≈≈#
#......# +))#.o≈≈≈≈≈#
#......# #))#.~≈≈≈≈≈#
#''##### #..#.~≈≈≈≈≈# #.....#
####o~≈≈≈≈≈# '.....#
#.~≈≈≈≈≈# '..⌠..# .∩~≈≈≈≈≈#


You could see an orc high priest (blind) and 2 ice devils.

Vanquished Creatures
  2 yaks (D:5)
  Edmund (D:5)
  6 orc warriors (Bailey)
  2 water moccasins
  A centaur (D:5)
  A phantom (D:6)
  A bullfrog (D:6)
  A necrophage (D:5)
  2 scorpions
  4 electric eels (Bailey)
  A hound (D:5)
  An orc priest (D:5)
  3 jellies
  An iguana (D:6)
  2 orc wizards (D:5)
  4 gnolls
  6 adders
  A shadow imp (D:6)
  2 white imps
  A worm (D:4)
  15 orcs
  6 ball pythons
  2 endoplasms
  3 giant cockroaches
  13 goblins
  12 hobgoblins
  3 quokkas
  5 bats
  2 frilled lizards
  6 kobolds
  4 rats
114 creatures vanquished.

Notes
Turn   | Place    | Note
-------+----------+-------------------------------------------
     0 | D:1      | raistware the Octopode Conjurer began the quest for the
                  | Orb.
     0 | D:1      | Reached XP level 1. HP: 11/11 MP: 3/3
   563 | D:1      | Found a faded altar of an unknown god.
   571 | D:1      | Reached XP level 2. HP: 17/17 MP: 5/5
  1068 | D:2      | Reached skill level 1 in Translocations
  1476 | D:2      | Reached XP level 3. HP: 21/21 MP: 7/7
  2303 | D:3      | Reached XP level 4. HP: 27/27 MP: 8/8
  3054 | D:3      | Found a radiant altar of Vehumet.
  3062 | D:3      | Became a worshipper of Vehumet
  3068 | D:3      | Found a glowing silver altar of Zin.
  3068 | D:3      | Found a stormy altar of Qazlal.
  3081 | D:3      | Found a shadowy altar of Dithmenos.
  3084 | D:3      | Found a broken altar of Ashenzari.
  3129 | D:3      | Learned a level 4 spell: Iskenderun's Mystic Blast
  3270 | D:4      | Found an iron altar of Okawaru.
  3552 | D:4      | Identified the +0 leather armour "Yhiobbumev" {Contam Str+9
                  | Int-2 Stlth+}
  3737 | D:5      | Entered Level 5 of the Dungeon
  3737 | D:5      | Found Duidikhe's Book Shoppe.
  3760 | D:5      | Reached XP level 5. HP: 31/31 MP: 10/10
  3768 | D:5      | Found a runed translucent door.
  3770 | D:5      | Noticed enotiy's ghost (amateur MiBe)
  3986 | D:5      | Reached skill level 1 in Fighting
  3986 | D:5      | Reached skill level 1 in Staves
  3986 | D:5      | Reached skill level 1 in Evocations
  4014 | D:5      | Reached skill level 1 in Earth Magic
  4014 | D:5      | Reached XP level 6. HP: 29/38 MP: 11/11
  4083 | D:5      | Found a runed translucent door.
  4294 | D:5      | Noticed Edmund
  4303 | D:5      | Killed Edmund
  4304 | D:5      | Reached skill level 5 in Conjurations
  4373 | D:5      | Noticed a water moccasin
  4379 | D:5      | Killed a water moccasin
  4380 | D:5      | Reached XP level 7. HP: 37/43 MP: 13/13
  4438 | D:5      | Noticed a yak
  4438 | D:5      | Noticed a yak
  4453 | D:5      | Noticed a yak
  4458 | D:5      | Killed a yak
  4461 | D:5      | Noticed a yak
  4461 | D:5      | Noticed a yak
  4481 | D:5      | Killed a yak
  4482 | D:5      | Reached skill level 5 in Spellcasting
  4482 | D:5      | Reached skill level 6 in Conjurations
  4864 | D:5      | Reached XP level 8. HP: 39/48 MP: 15/15
  5300 | D:5      | Found a bloodstained altar of Trog.
  6612 | D:6      | Found a shimmering altar of Xom.
  6842 | D:7      | Found a flagged portal.
  6889 | Bailey   | Entered a bailey
  7219 | Bailey   | Reached skill level 7 in Conjurations
  7350 | Bailey   | Noticed an orc knight
  7698 | Bailey   | Reached XP level 9. HP: 54/54 MP: 16/18
  7707 | Bailey   | Learned a level 3 spell: Mephitic Cloud
  7773 | Bailey   | Reached * piety under Vehumet
  7773 | Bailey   | Offered knowledge of Sandblast by Vehumet.
  8258 | Bailey   | Acquired a Young Poisoner's Handbook
  8262 | Bailey   | Noticed an orc high priest
  8290 | Bailey   | Noticed an ice devil
  8290 | Bailey   | Noticed an ice devil
  8294 | Bailey   | Mangled by an ice devil

Illustrated notes

Levels and vault maps discovered:
D:1:      tarquinn_simple_flora_water_b, layout_basic,
          shapermc_ecumenical_altar_mp_ritualfount, minmay_3d_cube
D:2:      layout_basic, minmay_surrounded
D:3:      layout_loops_ring, minmay_overflow_temple_star_hex
D:4:      layout_loops_ring, mainiacjoe_overflow_alcove_1
D:5:      nicolae_cairo_tiling, layout_loops_ring, trog_hazing_becter,
          serial_shops, shop, ebering_ghost_sewer_f, uniq_edmund
D:6:      layout_rooms, mainiacjoe_overflow_cross_hatched
D:7:      layout_basic, minmay_temple_entry_glass, enter_bailey_4, uniq_pikel,
          uniq_prince_ribbit1
Bailey:   bailey_axe_of_yendor_kennysheep, bailey

Skill      XL: |  1  2  3  4  5  6  7  8  9 |
---------------+----------------------------+-----
Translocations | 1 2 |  2.0
Spellcasting   | 3 4 5 6 |  6.7
Stealth        | 3 4 |  4.0
Fighting       | 1 2 |  2.0
Staves         | 1 2 |  2.0
Evocations     | 1 2 |  2.0
Earth Magic    | 1 2 3 |  3.7
Conjurations   | 5 6 7 |  7.6
Dodging        | 3 4 |  4.0

Action                   |  1- 3 |  4- 6 |  7- 9 || total
-------------------------+-------+-------+-------++-------
Melee: Dagger            |       |    11 |    53 ||    64
       Tentacles         |       |     5 |    13 ||    18
       Constrict         |       |     3 |    12 ||    15
Throw: Dart              |       |     2 |       ||     2
 Cast: Magic Dart        |    63 |    62 |   113 ||   238
       Iskenderun's Myst |       |       |    15 ||    15
       Mephitic Cloud    |       |       |     6 ||     6
Evoke: Wand              |     2 |    11 |     7 ||    20
  Use: Potion            |       |       |     3 ||     3
       Scroll            |       |       |     1 ||     1
 Stab: Sleeping          |       |     1 |     1 ||     2
Armor: Skin              |     1 |       |     4 ||     5
Dodge: Dodged            |    13 |     8 |    47 ||    68
